 Dungeon Crawl Stone Soup version 0.27-a0-1105-g946c659c87 (webtiles) character file.

Game seed: 2151465721491577723

112 HoaS the Twirler (level 4, -4/26 HPs)
             Began as a Gargoyle Gladiator on Apr 30, 2021.
             Slain by a gnoll
             ... wielding a +0 whip
              (5 damage)
             ... on level 2 of the Dungeon.
             The game lasted 00:03:52 (1853 turns).

HoaS the Twirler (Gargoyle Gladiator)               Turns: 1853, Time: 00:03:53

Health: -4/26      AC:  7    Str: 19    XL:     4   Next: 93%
Magic:  4/4        EV: 12    Int:  8    God:
Gold:   76         SH:  0    Dex: 11    Spells: 3/3 levels left

rFire    . . .     SeeInvis .   a - +0 quarterstaff
rCold    . . .     Faith    .   (shield currently unavailable)
rNeg     + . .     Spirit   .   b - +0 leather armour
rPois    ∞         Reflect  .   c - +0 helmet
rElec    +         Harm     .   (no cloak)
rCorr    .         Rampage  .   (no gloves)
Will     .....                  (no boots)
Stlth    +.........             (no amulet)
HPRegen  0.08/turn              (no ring)
MPRegen  0.09/turn              (no ring)

@: no status effects
A: AC +3, negative energy resistance 1, electricity resistance, torment
resistance 1, unbreathing 1, petrification resistance
a: no special abilities


You were on level 2 of the Dungeon.
You visited 1 branch of the dungeon, and saw 3 of its levels.

You collected 76 gold pieces.

Inventory:

Hand Weapons
 a - a +0 quarterstaff (weapon)
Missiles
 f - 31 arrows
Armour
 b - a +0 leather armour (worn)
 c - a +0 helmet (worn)
Potions
 e - 2 potions of curing
 g - a potion of resistance
 h - a potion of lignification {unknown}
 i - a potion of degeneration {unknown}
 k - a potion of magic {unknown}


   Skills:
 - Level 2.1 Fighting
 + Level 5.4 Staves
 - Level 1.7 Throwing
 - Level 2.4 Dodging


You had 3 spell levels left.
You didn't know any spells.
Your spell library was empty.

Dungeon Overview and Level Annotations

Branches:
Dungeon (3/15)

Altars:
Dithmenos


Innate Abilities, Weirdness & Mutations

Your stone body is resilient. (AC +3)
You are immune to poison.
You resist negative energy. (rN+)
You are resistant to electric shocks. (rElec)
You are resistant to unholy torment.
You can survive without breathing.
You are immune to petrification.


Message History

There is an open door here.
The gnoll hits you with a +0 whip.
There is an open door here.
You are too injured to fight recklessly!
You are too injured to fight recklessly!
Throw: 2 throwing nets
Press: ? - help, Shift-Dir - straight line, f - gnoll
Aim: a gnoll, wielding a +0 whip (60% to hit)
You throw a throwing net.
The throwing net barely misses the gnoll.
The throwing net hits the gnoll.
The gnoll is caught in the net!
The gnoll struggles against the net.
The gnoll completely misses you.
Throw: throwing net
Press: ? - help, Shift-Dir - straight line, f/p - gnoll
Aim: a gnoll, wielding a +0 whip (60% to hit)
You throw a throwing net.
The throwing net barely misses the gnoll.
The throwing net hits the gnoll.
The gnoll struggles against the net.
The gnoll hits you with a +0 whip.
* * * LOW HITPOINT WARNING * * *
Nothing quivered!
You thump the gnoll!
The gnoll is heavily wounded.
The gnoll struggles against the net.
The gnoll hits you with a +0 whip.
* * * LOW HITPOINT WARNING * * *
You sock the gnoll!
You kill the gnoll!
The gnoll struggles against the net. x2
The net rips apart, and the gnoll comes free!
You see here a +0 whip.
You hit the gnoll.
The gnoll is lightly wounded.
The gnoll hits you but does no damage.
You closely miss the gnoll.
The gnoll is lightly wounded.
The gnoll hits you but does no damage.
You barely miss the gnoll.
The gnoll is lightly wounded.
The gnoll hits you with a +0 whip.
You die...

#.# #.# ########.## #.. #.# #.#
#.# ### #.# ##.## #.# #.# ##...##
##+## # #.# ##...>.## ##...## #
#.# ###....)..# ##.....## ## ..#
#.........# ##.......## ###.
#####.#.......####.........###...
)...............@g(........'.....
#####.###.....####.........###...
# #.###..#..# ##.......## #...
#.........# ##.....## #..#
#####.##### ##...## ##.<# ## #.#
##'######.... .# #.# #.##.......#
.# #g# #.##.####..# .# #.#
##.##..#.#..#


You could see a gnoll.

Vanquished Creatures
  4 gnolls
  2 adders (D:2)
  2 worms (D:2)
  2 bats (D:1)
  5 endoplasms (D:1)
  4 hobgoblins
  4 jackals (D:2)
  2 quokkas
  3 ball pythons
  6 frilled lizards
  6 goblins
  4 kobolds
  5 rats
49 creatures vanquished.

Notes
Turn   | Place    | Note
-------+----------+-------------------------------------------
     0 | D:1      | HoaS the Gargoyle Gladiator began the quest for the Orb.
     0 | D:1      | Reached XP level 1. HP: 12/12 MP: 1/1
   120 | D:1      | Reached XP level 2. HP: 16/17 MP: 2/2
   365 | D:1      | Reached skill level 4 in Staves
   365 | D:1      | Reached XP level 3. HP: 11/21 MP: 3/3
   787 | D:1      | Found a faded altar of an unknown god.
  1234 | D:2      | Reached XP level 4. HP: 26/26 MP: 4/4
  1342 | D:2      | Reached skill level 5 in Staves
  1512 | D:2      | Found a shadowy altar of Dithmenos.
  1848 | D:2      | HP: 1/26 [gnoll/+0 whip (3)]
  1853 | D:2      | Slain by a gnoll

Illustrated notes

Levels and vault maps discovered:
D:1:      dpeg_arrival_erosion, layout_rooms,
          shapermc_ecumenical_altar_hornbeckon
D:2:      layout_loops_corners, basic_altar, minmay_misc_feat_tiny, st_stairs_9
D:3:      layout_basic, lemuel_coloured_pillars_altar,
          gammafunk_temple_overflow_claw, nicolae_underground_beach,
          uniq_grinder

Skill      XL: |  1  2  3  4 |
---------------+-------------+-----
Staves         | 4 5 |  5.4
Fighting       | |  2.1
Throwing       | |  1.7
Dodging        | |  2.4

Action                   |  1- 3 |  4- 6 || total
-------------------------+-------+-------++-------
Melee: Quarterstaff      |    90 |    43 ||   133
Throw: Throwing net      |     1 |     2 ||     3
  Use: Scroll            |     1 |     1 ||     2
Armor: Leather armour    |    29 |    10 ||    39
Dodge: Dodged            |    69 |    24 ||    93

Table legend: (Time is in decaauts)
 A = Elapsed time spent in this place.
 B = Non-inter-level travel time spent in this place.
 C = Inter-level travel time spent in this place.
 D = Time resting spent in this place.
 E = Time spent auto-exploring this place.
 F = Levels seen in this place.
 G = Mean time per level.
                   A        B        C        D        E       F      G
               +--------+--------+--------+--------+--------+-----+--------+
         Total |   1868 |   1818 |     50 |    288 |   1166 |   3 |  622.7 |
       Dungeon |   1868 |   1818 |     50 |    288 |   1166 |   3 |  622.7 |
               +--------+--------+--------+--------+--------+-----+--------+

Top non-repeatable levels by time:
     D:2: 982 daAuts
     D:1: 824 daAuts
     D:3: 61 daAuts
